 Dungeon Crawl Stone Soup version 0.30-a0-279-g4b46babb21 (webtiles) character file.

Game seed: 3863414039060622568

110 lunkers the Cudgeller (level 4, 0/38 HPs)
             Began as an Armataur Reaver on Oct 16, 2022.
             Was an Initiate of Trog.
             Slain by a kobold
             ... wielding a +0 dagger
              (3 damage)
             ... on level 4 of the Dungeon.
             The game lasted 00:03:18 (2930 turns).

lunkers the Cudgeller (Armataur Reaver)             Turns: 2930, Time: 00:03:18

Health: 0/38       AC:  8    Str: 20    XL:     4   Next: 61%
Magic:  6/6        EV:  5    Int: 13    God:    Trog [......]
Gold:   213        SH:  0    Dex:  8    Spells: 6/6 levels left

rFire   . . .      SeeInvis .    a - +1 mace (elec)
rCold   . . .      Faith    .    (no shield)
rNeg    . . .      Spirit   .    v - +0 chain mail
rPois   +          Reflect  .    (no helmet)
rElec   .          Harm     .    (no cloak)
rCorr   .          Roll     +    k - +0 pair of gloves
Will    .....                    (no barding)
Stlth   ..........               (no amulet)
HPRegen 0.26/turn                c - ring of poison resistance
MPRegen 0.10/turn                (no ring)

@: no status effects
A: large, rugged brown scales 3, deformed body, armoured tail, roll, long
tongue, awkward tongue
a: Renounce Religion


You were on level 4 of the Dungeon.
You worshipped Trog.
Trog was noncommittal.
You visited 1 branch of the dungeon, and saw 4 of its levels.

You collected 213 gold pieces.

Inventory:

Hand Weapons
 a - a +1 mace of electrocution (weapon)
 h - a +0 flail
Armour
 b - a +0 leather armour
 k - a +0 pair of gloves (worn)
 v - a +0 chain mail (worn)
Jewellery
 c - a ring of poison resistance (left hand)
 r - an amulet of magic regeneration
Scrolls
 d - a scroll of summoning {unknown}
 f - 8 scrolls of teleportation
 i - a scroll of enchant armour {unknown}
 j - 2 scrolls of torment
 p - a scroll of poison {unknown}
 s - a scroll of enchant weapon
Potions
 g - a potion of mutation
 l - a potion of magic
 m - a potion of berserk rage
 n - a potion of curing
 o - a potion of heal wounds
 q - a potion of degeneration
 t - a potion of resistance {unknown}
 u - a potion of cancellation {unknown}
 w - a potion of ambrosia {unknown}
 x - a potion of flight {unknown}


   Skills:
 - Level 1.7 Fighting
 * Level 5.0 Maces & Flails
 - Level 1.3 Dodging
 - Level 1.7 Spellcasting
 - Level 2.6 Conjurations


You had 6 spell levels left.
You didn't know any spells.
Your spell library contained the following spells:

 Spells                   Type           Power      Damage    Failure   Level
 Magic Dart               Conj           32%        1d4       73%         1
 Searing Ray              Conj           16%        2d5       86%         2
 Kiss of Death            Conj/Necr      16%        2d6       88%         1
 Momentum Strike          Conj/Tloc      8%         3d8       96%         2
 Hailstorm                Conj/Ice       4%         3d4       99%         3
 Gell's Gravitas          Tloc           1%         N/A       100%        3
 Lesser Beckoning         Tloc           2%         N/A       100%        3
 Teleport Other           Tloc           1%         N/A       100%        3
 Fulminant Prism          Conj/Hex       2%         3d6       100%        4


Dungeon Overview and Level Annotations

Branches:
Dungeon (4/15)
 Temple: D:4-7

Altars:
Elyvilon
Trog

Shops:
D:1 :

Annotations:
D:4 Grinder


Innate Abilities, Weirdness & Mutations

You are completely covered in rugged brown scales. (AC +3, +7% HP)
Armour fits poorly on your strangely shaped body.
You have a long armoured tail.
You roll when moving toward enemies. (Rampage)
Your long tongue fully drains potion bottles. (2x potion effects)
Your tongue gives you trouble enunciating. (1.5x scroll delay)


Message History

You aren't carrying any items that you can evoke.
Unknown command.
Okay, then.
As you read the scroll of identify, it crumbles to dust.
l - a potion of magic Grinder shouts!
As you read the scroll of identify, it crumbles to dust.
m - a potion of berserk rage Grinder gestures at you.
You suddenly lose the ability to move!
Grinder blinks!
Grinder gestures at you. Pain shoots through your body!
You can move again.
Unknown command.
Unknown command.
As you read the scroll of identify, it crumbles to dust.
n - a potion of curing The kobold completely misses you.
As you read the scroll of identify, it crumbles to dust.
o - a potion of heal wounds The kobold barely misses you.
Grinder gestures at you.
You shrug off the repeated paralysis!
The kobold hits you with a +0 dagger.
As you read the scroll of identify, it crumbles to dust.
q - a potion of degeneration The kobold hits you with a +0 dagger.
* * * LOW HITPOINT WARNING * * *
Grinder hits you.
* * * LOW HITPOINT WARNING * * *
You writhe in agony.
* * * LOW HITPOINT WARNING * * *
You barely miss Grinder. Your punch misses Grinder.
Grinder hits you but does no damage. The kobold hits you with a +0 dagger.
* * * LOW HITPOINT WARNING * * *
Grinder hits you.
* * * LOW HITPOINT WARNING * * *
You writhe in agony.
* * * LOW HITPOINT WARNING * * *
The kobold hits you with a +0 dagger.
You die...

# ..... #..... ......
#...... #. ....... ##
#.. ##....... .###
##.# #K5......
....###..# ##@.......
#........# ##.........
#.....### #..........
# #.....###..........
# ##..................
#
##...................
#
##...###....#####.....
###..### ##...# ###..
##..## ###.# ..


You could see Grinder and a kobold.

Vanquished Creatures
  6 adders
  A dart slug (D:1)
  11 endoplasms
  2 giant cockroaches (D:1)
  2 hobgoblins
  3 jackals (D:3)
  A quokka (D:3)
  4 ball pythons
  7 bats
  3 frilled lizards
  7 goblins
  3 kobolds
  3 rats
53 creatures vanquished.

Notes
Turn   | Place    | Note
-------+----------+-------------------------------------------
     0 | D:1      | lunkers the Armataur Reaver began the quest for the Orb.
     0 | D:1      | Reached XP level 1. HP: 18/18 MP: 3/3
   141 | D:1      | Found Isun's Book Boutique.
   227 | D:1      | Reached skill level 3 in Maces & Flails
   488 | D:1      | Reached XP level 2. HP: 20/25 MP: 4/4
  1018 | D:2      | Reached XP level 3. HP: 13/31 MP: 5/5
  1095 | D:2      | Reached skill level 4 in Maces & Flails
  1828 | D:2      | Found a bloodstained altar of Trog.
  1839 | D:2      | Reached XP level 4. HP: 37/38 MP: 6/6
  1919 | D:2      | Became a worshipper of Trog the Wrathful
  2215 | D:3      | Found a faded altar of an unknown god.
  2351 | D:3      | Found a white marble altar of Elyvilon.
  2351 | D:3      | Found a bloodstained altar of Trog.
  2782 | D:4      | Reached skill level 5 in Maces & Flails
  2922 | D:4      | Noticed Grinder
  2924 | D:4      | Paralysed by Grinder for 3 turns
  2930 | D:4      | Slain by a kobold

Illustrated notes

Levels and vault maps discovered:
D:1:      amcnicky_arrival_blooded_trapdoor, layout_loops_corners, serial_shops,
          nicolae_diamond_shop
D:2:      layout_loops_cross, basic_altar, minivault_5, kennysheep_doodads,
          minmay_unequal
D:3:      layout_loops_ring, gammafunk_temple_overflow_statue,
          hellmonk_ecumenical_altar_heavens_door, minmay_misc_feat_alley
D:4:      layout_layer_cave, nrook_mini_backslash, uniq_grinder

Skill      XL: |  1  2  3  4 |
---------------+-------------+-----
Maces & Flails | 3 4 5 |  5.0
Fighting       | |  1.7
Dodging        | |  1.3
Spellcasting   | |  1.7
Conjurations   | |  2.6

Action                   |  1- 3 |  4- 6 || total
-------------------------+-------+-------++-------
Melee: Mace              |   166 |    48 ||   214
       Tailslap          |     9 |     3 ||    12
       Punch             |     1 |     1 ||     2
  Use: Scroll            |       |    13 ||    13
Armor: Leather armour    |   135 |    26 ||   161
       Chain mail        |       |     3 ||     3
Dodge: Dodged            |   131 |    40 ||   171

Table legend: (Time is in decaauts)
 A = Elapsed time spent in this place.
 B = Non-inter-level travel time spent in this place.
 C = Inter-level travel time spent in this place.
 D = Time resting spent in this place.
 E = Time spent auto-exploring this place.
 F = Levels seen in this place.
 G = Mean time per level.
                   A        B        C        D        E       F      G
               +--------+--------+--------+--------+--------+-----+--------+
         Total |   2979 |   2797 |    182 |      0 |   2310 |   4 |  744.8 |
       Dungeon |   2979 |   2797 |    182 |      0 |   2310 |   4 |  744.8 |
               +--------+--------+--------+--------+--------+-----+--------+

Top non-repeatable levels by time:
     D:2: 1048 daAuts
     D:1: 1000 daAuts
     D:3: 769 daAuts
     D:4: 160 daAuts
